Match 44241468
Unlisted

Match 44241468
End
Selects Airborne Battlegroup
Selects Pathfinders
Construct Weapon Support Center
Pathfinder Squad
M1919 Machine Gun Team
Engineer Squad
Bazooka Squad
Selects Paratrooper Squad Paradrop
Paratrooper Squad Paradrop
Construct Medical Station
Mechanized Support Center
Anubis
Wizda
easy_dubz21
MuniekPL
Husar
SIEPACZ
0
0

Comments sign in to comment!

No comments posted yet!